 Dungeon Crawl Stone Soup version 0.26-a0-639-g72c4674329 (webtiles) character file.

Game seed: 11787400739605386812

374140 MrRokkomies the Warrior (level 20, -3/178 HPs)
             Began as a Demigod Delver on Sept 14, 2020.
             Slain by a jiangshi (5 damage)
             ... summoned by a curse skull
             ... on level 2 of the Crypt on Sept 15, 2020.
             The game lasted 02:56:57 (70629 turns).

MrRokkomies the Warrior (Demigod Delver)           Turns: 70629, Time: 02:56:59

Health: -3/178     AC: 23    Str: 29    XL:     20   Next: 86%
Magic:  37/37      EV: 19    Int: 28    God:
Gold:   3463       SH:  7    Dex: 17    Spells: 9/35 levels left

rFire    + + .     SeeInvis .   a - +1 quick blade (distort)
rCold    . . .     Faith    .   e - +2 buckler "Lemniss" {rN+ Str+6}
rNeg     + . .     Spirit   .   F - +7 fire dragon scales
rPois    +         Reflect  .   H - +0 helmet of Gaqug {Rampage MR+ Str+3}
rElec    +         Harm     .   M - +0 cloak of Upiyhad {rPois Str+4}
rCorr    .         Rampage  +   (no gloves)
MR       +++++                  m - +1 pair of boots
Stlth    +.........             Q - amulet of the Amoeba {+Fly rC+ Regen+ Int+3}
HPRegen  0.79/turn              k - ring of the Mage {Wiz MR++ Int+3}
MPRegen  0.25/turn              q - ring of Otickeyn {+Fly rElec rPois MR+++ Str-3}

@: flayed, glowing, studying Throwing
A: high mp 1
}: 2/15 runes: decaying, gossamer
a: Evoke Flight


You were on level 2 of the Crypt.
You visited 8 branches of the dungeon, and saw 40 of its levels.
You also visited: Bailey and Ice Cave.

You collected 6140 gold pieces.
You spent 2677 gold pieces at shops.

Inventory:

Hand Weapons
 a - a +1 quick blade of distortion (weapon)
Missiles
 D - 19 curare-tipped darts (quivered)
Armour
 b - a +0 buckler of resistance
 e - the +2 buckler "Lemniss" (worn) {rN+ Str+6}
   (You bought it in a shop on level 1 of the Elven Halls)

   It affects your strength (+6).
   It protects you from negative energy.
 m - a +1 pair of boots (worn)
 F - +7 fire dragon scales (worn)
 H - the +0 helmet of Gaqug (worn) {Rampage MR+ Str+3}
   (You found it on level 6 of the Dungeon)

   It affects your strength (+3).
   It affects your resistance to hostile enchantments.
   It bestows one free step when moving towards enemies.
 M - the +0 cloak of Upiyhad (worn) {rPois Str+4}
   (You bought it in a shop on level 7 of the Dungeon)

   It affects your strength (+4).
   It protects you from poison.
Jewellery
 k - the ring of the Mage (left hand) {Wiz MR++ Int+3}
   (You found it on level 1 of the Swamp)

   [ring of wizardry]

   It improves your spell success rate.
   It affects your intelligence (+3).
   It affects your resistance to hostile enchantments.
 p - a +4 ring of slaying
 q - the ring of Otickeyn (right hand) {+Fly rElec rPois MR+++ Str-3}
   (You took it off a deep elf sorcerer on level 3 of the Elven Halls)

   [ring of flight]

   It affects your strength (-3).
   It insulates you from electricity.
   It protects you from poison.
   It affects your resistance to hostile enchantments.
   It lets you fly.
 s - an uncursed ring of resist corrosion
 t - the amulet of the Air {Inacc +Fly rElec EV+5 RMsl}
   (You found it on level 4 of the Dungeon)

   [amulet of inaccuracy]

   It reduces the accuracy of all your attacks.
   It affects your evasion (+5).
   It insulates you from electricity.
   It lets you fly.
   It protects you from missiles.
 y - an uncursed ring of protection from cold
 z - an uncursed ring of see invisible
 Q - the amulet of the Amoeba (around neck) {+Fly rC+ Regen+ Int+3}
   (You bought it in a shop on level 4 of the Vaults)

   [amulet of regeneration]

   It affects your intelligence (+3).
   It protects you from cold.
   It lets you fly.
   It increases your rate of regeneration.
Wands
 g - a wand of digging (13)
 i - a wand of acid (24)
 v - a wand of paralysis (25)
 E - a wand of flame (91)
 X - a wand of polymorph (28)
 Y - a wand of iceblast (38)
 Z - a wand of enslavement (8)
Scrolls
 c - 7 scrolls of fog
 d - 6 scrolls of magic mapping
 j - 18 scrolls of remove curse
 r - 14 scrolls of teleportation
 u - 6 scrolls of identify
 G - 3 scrolls of summoning
 I - 2 scrolls of fear
 L - a scroll of amnesia
 N - 6 scrolls of immolation
Potions
 f - 3 potions of haste
 h - 2 potions of heal wounds
 l - 3 potions of mutation
 n - 6 potions of might
 o - 7 potions of brilliance
 w - 10 potions of curing
 x - 6 potions of lignification
 C - 2 potions of resistance
 J - 6 potions of stabbing
 K - 4 potions of magic
 O - 7 potions of flight
 T - 3 potions of berserk rage
 V - 6 potions of invisibility
 W - 11 potions of ambrosia
Books
 A - a manual of Throwing
Miscellaneous
 B - a phial of floods
 P - a phantom mirror (inert)
 R - a lightning rod (4/4)
 S - a tin of tremorstones (3/3)
 U - a condenser vane (2/2)


   Skills:
 - Level 15.0 Fighting
 - Level 12.9(14.0) Short Blades
   Level 9.3(12.3) Long Blades
   Level 5.6 Bows
 - Level 10.0 Armour
 * Level 13.2 Dodging
 - Level 8.0 Stealth
 - Level 4.0 Shields
 - Level 8.0 Spellcasting
 + Level 14.0 Summonings
 * Level 4.0 Translocations
 - Level 5.0 Transmutations
 - Level 12.0 Ice Magic
 - Level 8.0 Poison Magic
 - Level 10.0 Evocations


You had 9 spell levels left.
You knew the following spells:

 Your Spells              Type           Power        Failure   Level
a - Olgreb's Toxic Radia  Pois           ######..     1%          4
b - Ignite Poison         Fire/Tmut/Pois #####...     2%          3
c - Ozocubu's Refrigerat  Ice            ######....   4%          6
d - Shadow Creatures      Summ           N/A          1%          6
e - Malign Gateway        Summ/Tloc      ######....   61%         7

Your spell library contained the following spells:

 Spells                   Type           Power        Failure   Level
 Apportation              Tloc           ####..       1%          1
 Beastly Appendage        Tmut           #####.       1%          1
 Sting                    Tmut/Pois      ####         1%          1
 Blink                    Tloc           N/A          1%          2
 Call Imp                 Summ           ######..     1%          2
 Ensorcelled Hibernation  Hex/Ice        #####.       1%          2
 Poisonous Vapours        Pois/Air       ####..       1%          2
 Wereblood                Tmut           #####...     1%          2
 Spider Form              Tmut/Pois      #####.....   1%          3
 Ice Form                 Ice/Tmut       ######..     1%          4
 Summon Demon             Summ           ######....   1%          5
 Gell's Gravitas          Tloc           ####......   2%          3
 Lesser Beckoning         Tloc           ####......   2%          3
 Teleport Other           Tloc           ####....     2%          3
 Summon Forest            Summ/Tloc      ######....   2%          5
 Animate Skeleton         Necr           ##....       4%          1
 Magic Dart               Conj           ##..         4%          1
 Pain                     Necr           ##..         4%          1
 Sandblast                Erth           ##....       4%          1
 Shock                    Conj/Air       ##..         4%          1
 Mephitic Cloud           Conj/Pois/Air  ####....     4%          3
 Searing Ray              Conj           ##....       6%          2
 Slow                     Hex            ##......     6%          2
 Swiftness                Air            ##......     6%          2
 Summon Mana Viper        Hex/Summ       ######..     6%          5
 Alistair's Intoxication  Tmut/Pois      #####....    9%          5
 Metabolic Englaciation   Hex/Ice        #####.....   10%         5
 Confusing Touch          Hex            ##......     12%         3
 Conjure Flame            Conj/Fire      ##......     12%         3
 Dazzling Flash           Conj/Hex       ##....       12%         3
 Static Discharge         Conj/Air       ##......     12%         3
 Stone Arrow              Conj/Erth      ##....       12%         3
 Tukima's Dance           Hex            ##......     12%         3
 Vampiric Draining        Necr           ##........   12%         3
 Summon Hydra             Summ           ######....   12%         7
 Petrify                  Tmut/Erth      ####....     16%         4
 Blade Hands              Tmut           #####.....   16%         5
 Iskenderun's Mystic Bla  Conj/Tloc      ###.....     17%         4
 Airstrike                Air            ##........   38%         4
 Animate Dead             Necr           ##........   38%         4
 Fulminant Prism          Conj/Hex       ##........   38%         4
 Leda's Liquefaction      Hex/Erth       ##........   38%         4
 Irradiate                Conj/Tmut      ####......   38%         5
 Yara's Violent Unravell  Hex/Tmut       ####......   38%         5
 Simulacrum               Ice/Necr       #####.....   45%         6
 Hydra Form               Tmut           #####.....   58%         6
 Agony                    Necr           ##......     71%         5
 Bolt of Magma            Conj/Fire/Erth ##........   71%         5
 Borgnjor's Vile Clutch   Necr/Erth      ##........   71%         5
 Iskenderun's Battlesphe  Conj           ##......     71%         5
 Lightning Bolt           Conj/Air       ##........   71%         5
 Silence                  Hex/Air        ##........   71%         5
 Freezing Cloud           Conj/Ice/Air   ####......   73%         6
 Spellforged Servitor     Conj/Summ      ######....   86%         7
 Statue Form              Tmut/Erth      ####.....    89%         6
 Dragon Form              Tmut           #####.....   98%         7
 Conjure Ball Lightning   Conj/Air       ##........   99%         6
 Invisibility             Hex            ##......     99%         6
 Iron Shot                Conj/Erth      ##........   99%         6
 Orb of Destruction       Conj           ##........   100%        7
 Shatter                  Erth           ##........   100%        9


Dungeon Overview and Level Annotations

Branches:
Dungeon (15/15)            Temple (0/1) D:4            Lair (6/6) D:9
  Swamp (4/4) Lair:2       Spider (4/4) Lair:4        Slime (0/5) Lair:5
    Orc (2/2) D:10            Elf (3/3) Orc:2        Vaults (4/5) D:14
  Crypt (2/3) Vaults:2     Depths (0/5) D:15         Bailey (visited)
  IceCv (visited)

Shops:
D:7 ??*[   Orc:1 *   Orc:2 ([([   Elf:1 [   Vaults:2 :   Vaults:4 :(=*

Portals:
Abyss: Lair:3
Trove: D:11 (give 18 potions of curing)

Annotations:
D:3 Natasha
D:8 4 runed translucent doors
Lair:3 2 transporters, martbhell's ghost, journeyman MiGl
Spider:1 1 runed translucent door, Duqoann's ghost, journeyman DgWn
Elf:1 6 runed translucent doors, exclusion: orange crystal statue
Vaults:2 3 runed translucent doors, Lavandula's ghost, adept FeVM
Crypt:2 Mennas


Innate Abilities, Weirdness & Mutations

You have an increased reservoir of magic. (+10% MP)


Message History

* * * LOW HITPOINT WARNING * * *
Unknown command.
The jiangshi claws you.
* * * LOW HITPOINT WARNING * * *
The jiangshi draws strength from your injuries!
The jiangshi claws you!!
* * * LOW HITPOINT WARNING * * *
The jiangshi draws strength from your injuries!
The curse skull rattles its jaw.
You block the jiangshi's attack. The jiangshi claws you!
* * * LOW HITPOINT WARNING * * *
The jiangshi draws strength from your injuries!
There is a stone staircase leading down, spattered with blood here.
Mennas becomes audible again.
The jiangshi closely misses you. You block the jiangshi's attack.
Mennas shakes his head sadly.
The jiangshi claws you!
* * * LOW HITPOINT WARNING * * *
The jiangshi claws you.
You die...

########........
###.........
#####...######## ^.....###
......## ########## .......#
########........#
.......#####....##.Z..W....#
.......#.....###...........#
.....(.....###..@##........#
.......###.##...AV.W..######
.......(..........#####
.......####......z.
..........$.#......Z
........#####.##.....
.......## ...##..Z...
.............. ........
......#..... .........


You could see Mennas, a jiangshi (summoned), a flayed ghost (summoned), a curse
skull, a freezing wraith (summoned), a black mamba simulacrum (summoned), a
snapping turtle simulacrum (summoned) and an ice dragon skeleton (summoned).

Vanquished Creatures
  Sojobo (Vaults:2)
  Nikola (Swamp:2)
  A bone dragon (Swamp:4)
  A lich (Crypt:2)
  An Ice Fiend (IceCv)
  A deep elf blademaster (Elf:2)
  Kirke (Spider:4)
  3 tengu reavers
  An orc warlord (Orc:2)
  A frost giant (Vaults:4)
  5 deep elf sorcerers
  3 ghost moths (Spider:4)
  4 emperor scorpions (Spider:4)
  A curse skull (Crypt:2)
  3 vault wardens
  Louise (Spider:1)
  2 ghouls
  3 large abominations (Elf:1)
  6 deep elf elementalists (Elf:3)
  8 ironheart preservers
  A stone giant (Vaults:2)
  A very ugly thing (Swamp:4)
  3 deep elf demonologists
  3 entropy weavers
  2 vampire knights
  7 deep elf annihilators (Elf:3)
  Azrael (Spider:1)
  2 spark wasps
  A quicksilver dragon zombie (Crypt:1)
  4 deep elf death magi
  Snorg (Lair:6)
  5 deep elf high priests
  Erolcha (D:10)
  2 fire dragons (D:15)
  8 yaktaur captains
  4 vault guards (Vaults:4)
  A great orb of eyes (Vaults:3)
  3 rakshasas
  2 ice dragons
  2 shambling mangroves (Swamp:3)
  9 hydras
  4 ghost crabs
  Erica (Lair:2)
  Fannar (Lair:3)
  3 death knights
  5 centaur warriors
  3 catoblepae (Lair:6)
  29 two-headed ogres
  8 ogre magi
  24 dancing weapons
  7 death yaks
  2 tengu warriors
  9 alligators
  2 deep troll shamans (Vaults:4)
  6 orc high priests (Orc:2)
  24 deep elf knights
  A soul eater (Crypt:2)
  4 skeletal warriors
  2 small abominations
  Sonja (D:13)
  A death drake (Swamp:4)
  4 unseen horrors
  2 glowing orange brains
  2 wizards (Vaults:3)
  4 spriggan druids
  3 flayed ghosts
  2 spectral hydras (Swamp:4)
  5 deep trolls
  9 deep elf archers
  5 phantasmal warriors
  5 swamp dragons
  4 ironbrand convokers
  A lindwurm (Lair:5)
  15 orb spiders
  6 orc sorcerers
  25 ugly things
  30 wolf spiders
  13 orc knights
  A salamander (shapeshifter) (D:15)
  50 deep elf magi
  4 harpies
  3 moths of wrath
  4 oklob plants (Lair:4)
  4 manticores
  2 cyclopes
  7 vault sentinels
  A gargoyle (D:10)
  Psyche (D:9)
  3 ice statues (IceCv)
  6 black mambas
  A guardian serpent (shapeshifter) (Vaults:4)
  Maggie (Lair:2)
  18 cane toads
  A rime drake (Lair:5)
  4 swamp worm zombies (Swamp:4)
  7 freezing wraiths
  3 rime drakes (shapeshifter)
  10 komodo dragons
  12 demonic crawlers
  5 kobold demonologists
  19 yaktaurs
  12 ice devils (IceCv)
  25 jumping spiders
  12 trolls
  3 tengu conjurers
  3 hydra zombies (Swamp:4)
  A harpy skeleton (D:14)
  12 hornets
  16 blink frogs
  10 hippogriffs
  13 tyrant leeches
  15 bog bodies
  15 slime creatures
  2 spectral swamp dragons (Swamp:4)
  5 alligator zombies (Swamp:4)
  A flying skull (Crypt:1)
  2 spriggans (Swamp:1)
  A tarantella (shapeshifter) (D:14)
  3 shadows
  5 wyverns
  4 water elementals
  A vampire (D:10)
  4 dire elephant simulacra (IceCv)
  55 redbacks
  30 tarantellas
  7 air elementals
  A hog (Spider:4)
  58 yaks
  9 basilisks
  5 fire elementals
  A human (Spider:4)
  17 vampire mosquitoes
  4 harpy simulacra
  5 wargs
  22 swamp worms
  7 insubstantial wisps (Swamp:4)
  A swamp worm (shapeshifter) (D:14)
  2 iron troll simulacra (IceCv)
  18 water moccasins
  A soldier ant (D:12)
  6 acid dragons
  8 porcupines
  A hydra simulacrum (IceCv)
  2 hell hounds (Spider:1)
  2 swamp drakes (Swamp:2)
  4 swamp dragon zombies (Swamp:4)
  2 ice beasts
  7 phantoms
  47 orc warriors
  A hornet zombie (D:8)
  A sky beast (D:9)
  3 black bears (D:9)
  An eye of draining (D:13)
  6 necrophages
  An eye of draining (shapeshifter) (Vaults:2)
  23 wolves
  20 centaurs
  4 boggarts (Vaults:1)
  45 ogres
  An elephant skeleton (Crypt:1)
  13 crocodiles
  6 big kobolds
  23 bullfrogs
  3 gnoll sergeants
  2 earth elementals (Elf:3)
  A wyvern skeleton (D:13)
  6 scorpions
  A warg zombie (Crypt:2)
  5 killer bees (D:8)
  16 wights
  6 electric eels
  5 howler monkeys
  2 bullfrog zombies
  2 centaur zombies
  4 jellies
  26 orc priests
  2 hounds
  3 bullfrog skeletons
  21 orc wizards
  4 centaur skeletons
  8 iguanas
  Jessica (D:3)
  2 spectral swamp drakes (Swamp:4)
  Ijyb (D:3)
  8 worker ants
  Natasha (twice) (D:3)
  An ogre zombie (Crypt:1)
  A hound skeleton (D:10)
  A howler monkey zombie (D:5)
  A swamp drake zombie (Swamp:4)
  13 adders
  9 gnolls
  4 shadow imps
  A white imp (D:8)
  5 oozes
  2 ufetubi
  3 adder skeletons
  An adder zombie (D:9)
  4 worms
  A dart slug (D:1)
  9 leopard geckos
  119 orcs
  2 ball pythons
  6 giant cockroaches
  8 goblins
  7 hobgoblins
  2 jackals (D:3)
  5 quokkas
  15 bats
  10 frilled lizards
  43 kobolds
  A quokka skeleton (D:7)
  6 rats
  A crawling corpse (Elf:3)
1597 creatures vanquished.

Vanquished Creatures (collateral kills)
  An ancient champion (Crypt:2)
  A deep elf death mage (Crypt:2)
  A death knight (Vaults:3)
  2 skeletal warriors
  A deep troll (Vaults:3)
  A necromancer (Crypt:1)
  An anaconda skeleton (Crypt:1)
  An ugly thing (Vaults:2)
  A golden dragon simulacrum (Crypt:1)
  A fire dragon zombie (Crypt:1)
  A warg (Orc:2)
  A cane toad skeleton (Crypt:1)
  A necrophage (Crypt:2)
  2 orcs
16 creatures vanquished.

Vanquished Creatures (others)
  A deep elf knight (Elf:1)
  A bog body (Swamp:2)
  A human (Spider:4)
  An orc warrior (Vaults:1)
  A boggart (Vaults:1)
  A centaur (Vaults:3)
  An orc priest (Elf:1)
  4 orcs
  72 fungi
  90 plants
  2 withered plants (Spider:1)
175 creatures vanquished.

Grand Total: 1788 creatures vanquished

Notes
Turn   | Place    | Note
-------+----------+-------------------------------------------
     0 | D:5      | MrRokkomies the Demigod Delver began the quest for the Orb.
     0 | D:5      | Reached XP level 1. HP: 18/18 MP: 3/3
    18 | D:4      | Noticed an ogre
   299 | D:3      | Noticed Natasha
   308 | D:3      | Killed Natasha
   308 | D:3      | Reached skill level 3 in Fighting
   308 | D:3      | Reached XP level 2. HP: 3/26 MP: 4/4
   609 | D:2      | Reached XP level 3. HP: 31/31 MP: 5/5
  1704 | D:1      | Reached XP level 4. HP: 36/38 MP: 6/6
  2741 | D:3      | Noticed a +0 hand axe
  2746 | D:3      | Noticed a +0 dagger
  2750 | D:3      | Found a hide-covered altar of Uskayaw.
  2754 | D:3      | Noticed Ijyb
  2781 | D:3      | Killed Ijyb
  2781 | D:3      | Reached skill level 4 in Fighting
  2981 | D:3      | Noticed Jessica
  2986 | D:3      | Killed Jessica
  2986 | D:3      | Reached XP level 5. HP: 46/46 MP: 7/7
  3282 | D:3      | Noticed an ogre
  3303 | D:3      | Killed an ogre
  3555 | D:3      | Noticed Natasha
  3565 | D:3      | Killed Natasha
  3565 | D:3      | Reached skill level 5 in Fighting
  3565 | D:3      | Reached XP level 6. HP: 47/56 MP: 8/8
  3589 | D:3      | Noticed Natasha
  4028 | D:4      | Found the amulet of the Air {Inacc +Fly rElec EV+5 RMsl}
  4199 | D:4      | Found a staircase to the Ecumenical Temple.
  4540 | D:5      | Reached skill level 6 in Fighting
  4751 | D:5      | Reached XP level 7. HP: 62/63 MP: 9/9
  6367 | D:6      | Reached skill level 1 in Short Blades
  6841 | D:6      | Reached skill level 7 in Fighting
  6901 | D:6      | Reached XP level 8. HP: 65/73 MP: 10/10
  7308 | D:6      | Got a warped helmet
  7314 | D:6      | Identified the cursed +0 helmet of Gaqug {Rampage MR+
                  | Str+3} (You found it on level 6 of the Dungeon)
  7511 | D:7      | Reached skill level 5 in Dodging
  7523 | D:7      | Found a flagged portal.
  7532 | Bailey   | Entered a bailey
  7580 | Bailey   | Noticed an orc warlord
  7682 | Bailey   | Noticed an orc knight
  7732 | Bailey   | Killed an orc knight
  7732 | Bailey   | Reached skill level 1 in Bows
  7775 | Bailey   | Found a runed translucent gate.
  7776 | Bailey   | Found a runed translucent gate.
  7778 | Bailey   | Found a runed translucent gate.
  7785 | Bailey   | Noticed an orc knight
  7886 | Bailey   | Killed an orc knight
  7886 | Bailey   | Reached skill level 8 in Fighting
  9098 | D:7      | Reached XP level 9. HP: 20/82 MP: 11/11
  9117 | D:7      | Identified a scroll of acquirement
  9117 | D:7      | Acquired the ring "Baeblutho" {rF++ rC- Int+3 Stlth+}
  9945 | D:7      | Found Baantoin's General Store.
  9945 | D:7      | Found Joafaqas's Armour Shoppe.
  9945 | D:7      | Found Soca's Magic Scroll Shoppe.
  9945 | D:7      | Found Cebbit's Magic Scroll Shoppe.
  9963 | D:7      | Bought the cursed +0 cloak of Upiyhad {rPois Str+4} for 274
                  | gold pieces
 10146 | D:7      | Learned a level 4 spell: Olgreb's Toxic Radiance
 10150 | D:7      | Learned a level 3 spell: Ignite Poison
 10353 | D:8      | Reached skill level 9 in Fighting
 10408 | D:8      | Found a huge runed translucent gate.
 10408 | D:8      | Found a huge runed translucent gate.
 10408 | D:8      | Found a huge runed translucent gate.
 10408 | D:8      | Found a huge runed translucent gate.
 10409 | D:8      | Noticed a manticore
 10448 | D:8      | Reached skill level 1 in Poison Magic
 10875 | D:8      | Noticed a two-headed ogre
 10890 | D:8      | Killed a two-headed ogre
 11120 | D:8      | Found an opulent altar of Gozag.
 11340 | D:8      | Noticed a two-headed ogre
 11348 | D:8      | Killed a two-headed ogre
 11348 | D:8      | Reached XP level 10. HP: 77/91 MP: 13/13
 11896 | D:9      | Noticed Psyche
 11901 | D:9      | Killed Psyche
 11901 | D:9      | Reached skill level 5 in Long Blades
 11963 | D:9      | Found a staircase to the Lair.
 12516 | D:10     | Entered Level 10 of the Dungeon
 12534 | D:10     | Reached skill level 5 in Poison Magic
 13011 | D:10     | Reached skill level 10 in Fighting
 13011 | D:10     | Reached skill level 5 in Bows
 13011 | D:10     | Reached XP level 11. HP: 97/99 MP: 14/14
 13287 | D:10     | Reached skill level 1 in Evocations
 13373 | D:10     | Noticed Erolcha
 13394 | D:10     | Killed Erolcha
 13640 | D:10     | Found a staircase to the Orcish Mines.
 13999 | D:10     | Reached XP level 12. HP: 82/106 MP: 15/15
 14099 | Orc:1    | Entered Level 1 of the Orcish Mines
 14112 | Orc:1    | Found Liheeham's Mayhem Merchandise.
 14127 | Orc:1    | Paralysed by an orc sorcerer for 2 turns
 14470 | Orc:1    | Found a roughly hewn altar of Beogh.
 14579 | Orc:2    | Entered Level 2 of the Orcish Mines
 15702 | Orc:2    | Noticed an orc warlord
 16010 | Orc:2    | Found a roughly hewn altar of Beogh.
 16013 | Orc:2    | Reached skill level 5 in Evocations
 16393 | Orc:2    | Found Gintuh's Antique Weapon Emporium.
 16409 | Orc:2    | Bought a scorched rapier for 270 gold pieces
 16409 | Orc:2    | Identified the +11 rapier "Lasyzyte" {freeze, Dex+4} (You
                  | bought it in a shop on level 2 of the Orcish Mines)
 16705 | Orc:2    | Found Comoeray's Antique Armour Shoppe.
 17459 | Orc:2    | Reached skill level 5 in Short Blades
 17660 | Orc:2    | Reached skill level 1 in Transmutations
 17787 | Orc:2    | Killed an orc warlord
 18076 | Orc:2    | Reached XP level 13. HP: 105/113 MP: 16/16
 18077 | Orc:2    | Found Wockoome's Weapon Emporium.
 18155 | Orc:2    | Found a roughly hewn altar of Beogh.
 18173 | Orc:2    | Found Kushar's Armour Shoppe.
 18734 | Orc:2    | Paralysed by an orc sorcerer for 3 turns
 18952 | Orc:2    | Found a staircase to the Elven Halls.
 19256 | Lair:1   | Entered Level 1 of the Lair of Beasts
 20204 | Lair:2   | Noticed Maggie
 20209 | Lair:2   | Killed Maggie
 20466 | Lair:2   | Found a staircase to the Swamp.
 20952 | Lair:2   | Noticed Erica
 20967 | Lair:2   | Killed Erica
 21476 | Lair:3   | Noticed Fannar
 21487 | Lair:3   | Killed Fannar
 22368 | Lair:3   | Found a transporter.
 22370 | Lair:3   | Found a transporter.
 22444 | Lair:3   | Found a one-way gate to the infinite horrors of the Abyss.
 22445 | Lair:3   | Noticed martbhell's ghost (journeyman MiGl)
 22460 | Lair:3   | Noticed a brown very ugly thing
 23036 | Lair:4   | Found a shimmering blue altar of Sif Muna.
 23422 | Lair:4   | Found a hole to the Spider Nest.
 23550 | Lair:4   | You fall into a shaft and drop 1 floor!
 23593 | Lair:5   | Reached skill level 10 in Dodging
 23929 | Lair:5   | Found a staircase to the Slime Pits.
 24450 | Lair:5   | Reached XP level 14. HP: 111/121 MP: 17/17
 24929 | Lair:6   | Entered Level 6 of the Lair of Beasts
 25417 | Lair:4   | Reached skill level 5 in Transmutations
 25685 | Lair:6   | Learned a level 6 spell: Ozocubu's Refrigeration
 25761 | Lair:6   | Noticed Snorg
 25813 | Lair:6   | Killed Snorg
 25813 | Lair:6   | Reached skill level 1 in Spellcasting
 26723 | Lair:6   | Reached skill level 10 in Evocations
 27344 | Lair:6   | Reached skill level 10 in Short Blades
 28091 | D:11     | Found a white marble altar of Elyvilon.
 28633 | D:11     | Identified the Handbook of Spatial Flight
 28897 | D:11     | Found a portal to a secret trove of treasure.
 29653 | D:13     | Reached skill level 1 in Ice Magic
 29899 | D:13     | Noticed Sonja
 29905 | D:13     | Killed Sonja
 30047 | D:13     | Reached skill level 5 in Spellcasting
 30362 | D:13     | Reached XP level 15. HP: 118/126 MP: 26/26
 30467 | D:13     | Got a faintly glowing ring mail
 30478 | D:13     | Identified the +4 ring mail of the Orcish Mines {+Blink}
                  | (You found it on level 13 of the Dungeon)
 31721 | D:14     | Found a gate to the Vaults.
 32489 | D:15     | Entered Level 15 of the Dungeon
 33917 | D:15     | Found a staircase to the Depths.
 34409 | Spider:1 | Entered Level 1 of the Spider Nest
 34440 | Spider:1 | Reached skill level 5 in Ice Magic
 34618 | Spider:1 | Noticed Louise
 34643 | Spider:1 | Killed Louise
 34852 | Spider:1 | Noticed Azrael
 34884 | Lair:4   | Reached skill level 1 in Shields
 35034 | Spider:1 | Killed Azrael
 35573 | Spider:1 | Found a runed translucent door.
 35573 | Spider:1 | Noticed Duqoann's ghost (journeyman DgWn)
 36029 | Spider:2 | You fall into a shaft and drop 1 floor!
 36217 | Spider:3 | Reached XP level 16. HP: 93/134 MP: 27/27
 36435 | Spider:3 | Acquired an uncursed ring of see invisible
 37515 | Spider:4 | Entered Level 4 of the Spider Nest
 37555 | Spider:4 | Found a frozen archway.
 37635 | IceCv    | Entered an ice cave
 39632 | IceCv    | Noticed an Ice Fiend
 39646 | IceCv    | Killed an Ice Fiend
 39857 | IceCv    | Identified the +8 chain mail "Reoralid" {rF++} (You found
                  | it in an ice cave)
 40177 | Spider:4 | Noticed Kirke
 40195 | Spider:4 | Killed Kirke
 40282 | Spider:4 | Reached skill level 11 in Fighting
 41989 | Spider:4 | Reached skill level 12 in Fighting
 42162 | Spider:4 | Got a gossamer rune of Zot
 42367 | Swamp:1  | Entered Level 1 of the Swamp
 42502 | Swamp:1  | Found an ornate altar of the Wu Jian Council.
 42880 | Swamp:1  | Reached skill level 1 in Armour
 42952 | Swamp:1  | Found the ring of the Mage {Wiz MR++ Int+3}
 43024 | Swamp:1  | Reached skill level 10 in Ice Magic
 44073 | Swamp:2  | Reached XP level 17. HP: 142/146 MP: 28/28
 44985 | Swamp:2  | Noticed Nikola
 45013 | Swamp:2  | Killed Nikola
 45739 | Swamp:3  | Acquired 880 gold pieces
 46253 | Swamp:3  | Found a hazy altar of Hepliaklqana.
 46871 | Swamp:3  | Reached skill level 5 in Armour
 47038 | Swamp:3  | Identified the cursed +1 ring mail of Negation {Int+5
                  | Dex+2} (You found it on level 3 of the Swamp)
 47439 | Swamp:4  | Entered Level 4 of the Swamp
 49442 | Swamp:4  | Noticed a bone dragon
 49457 | Swamp:4  | Reached skill level 5 in Stealth
 50001 | Swamp:4  | Killed a bone dragon
 50407 | Swamp:4  | Got a decaying rune of Zot
 50726 | Elf:1    | Entered Level 1 of the Elven Halls
 51031 | Elf:1    | Found a shimmering blue altar of Sif Muna.
 51692 | Elf:1    | Found a runed translucent gate.
 51692 | Elf:1    | Found a runed translucent gate.
 51692 | Elf:1    | Found a runed translucent gate.
 51692 | Elf:1    | Found a runed translucent gate.
 51692 | Elf:1    | Found a runed translucent gate.
 51697 | Elf:1    | Found a runed translucent gate.
 51780 | Elf:1    | Reached skill level 13 in Fighting
 52357 | Elf:1    | Found Wiewkoucw's Armour Shoppe.
 52360 | Elf:1    | Bought the +2 buckler "Lemniss" {rN+ Str+6} for 421 gold
                  | pieces
 52798 | Elf:2    | Found a runed translucent gate.
 52798 | Elf:2    | Found a runed translucent gate.
 52798 | Elf:2    | Found a runed translucent gate.
 52877 | Elf:2    | Reached XP level 18. HP: 147/157 MP: 30/30
 55175 | Elf:3    | Entered Level 3 of the Elven Halls
 56420 | Elf:3    | Reached skill level 14 in Fighting
 56472 | Elf:3    | Reached skill level 10 in Armour
 56879 | Elf:3    | Noticed a Hell Sentinel
 57040 | Elf:3    | Identified the ring of Otickeyn {+Fly rElec rPois MR+++
                  | Str-3}
 57185 | Elf:3    | Identified the +9 great sword of the Vanishing Eyes
                  | {vorpal, +Rage +Inv rC+} (You found it on level 3 of the
                  | Elven Halls)
 57259 | Elf:3    | Learned a level 6 spell: Shadow Creatures
 57392 | Elf:3    | Reached skill level 1 in Summonings
 58059 | Vaults:1 | Entered Level 1 of the Vaults
 58164 | Vaults:1 | Reached XP level 19. HP: 134/168 MP: 17/34
 58758 | Vaults:1 | Reached skill level 15 in Fighting
 59274 | Vaults:1 | Reached skill level 5 in Summonings
 60012 | Vaults:2 | Noticed Sojobo
 60031 | Vaults:2 | Killed Sojobo
 60594 | Vaults:2 | Found Wamy's Book Shop.
 60597 | Vaults:2 | Bought a book of Power for 720 gold pieces
 61863 | Vaults:2 | Found a runed translucent gate.
 61863 | Vaults:2 | Found a runed translucent gate.
 61863 | Vaults:2 | Found a runed translucent gate.
 62083 | Vaults:2 | Reached skill level 10 in Summonings
 62647 | Vaults:2 | Found a staircase to the Crypt.
 62861 | Vaults:2 | Noticed Lavandula's ghost (adept FeVM)
 63148 | Vaults:3 | Learned a level 7 spell: Malign Gateway
 63692 | Vaults:3 | Reached XP level 20. HP: 173/178 MP: 37/37
 65224 | Vaults:4 | Found Xonen's Jewellery Emporium.
 65230 | Vaults:4 | Found Voppeg's Weapon Shoppe.
 65531 | Vaults:4 | Identified the Papyrus of the Icy Mountains
 65537 | Vaults:4 | Found Juces's Assorted Antiques.
 65569 | Vaults:4 | Bought a potion of curing for 102 gold pieces
 66335 | Vaults:4 | Found Nibamal's Book Shop.
 67615 | Vaults:4 | Bought the amulet of the Amoeba {+Fly rC+ Regen+ Int+3} for
                  | 890 gold pieces
 67758 | Crypt:1  | Entered Level 1 of the Crypt
 68267 | Crypt:1  | Found a shimmering altar of Xom.
 68313 | Crypt:1  | Reached skill level 1 in Translocations
 69629 | Crypt:1  | Upgraded the game from 0.26-a0-638-gcca6ad1b57 to
                  | 0.26-a0-639-g72c4674329
 70411 | Crypt:2  | Identified the cursed +0 ring mail of Noon {Str+3} (You
                  | found it on level 2 of the Crypt)
 70610 | Crypt:2  | Noticed Mennas
 70629 | Crypt:2  | HP: 2/178 [jiangshi[a curse skull] (16)]
 70629 | Crypt:2  | Slain by a jiangshi

Illustrated notes

Levels and vault maps discovered:
D:1:      heliophobic_arrival_glass_houses, layout_loops_cross
D:2:      layout_basic
D:3:      layout_loops_ring, dancing_weapons_uskayaw, st_stairs_1,
          minmay_diced_spiral, uniq_ijyb, uniq_natasha, uniq_jessica
D:4:      layout_rooms, minmay_temple_entry_mini_moons,
          minmay_fractal_squares_gapless_5
D:5:      cheibrodos_helix_gallery, layout_basic
D:6:      layout_gridville
D:7:      layout_gridville, enter_bailey_2, minmay_shop_grid_forest,
          serial_bayou_pond_b
D:8:      lemuel_bear_cage, layout_basic, nicolae_gozag_seed_capital
D:9:      layout_small_grid, due_lair_maze_entry_diamond,
          kennysheep_generic_room_4, uniq_psyche
D:10:     layout_basic, kennysheep_orc_monster_closet_entryway, uniq_erolcha
D:11:     minmay_clustersquares, layout_small_grid, enter_trove_3,
          elyvilon_altar_1
D:12:     layout_basic
D:13:     layout_loops_corners, kennysheep_generic_room_3, uniq_sonja
D:14:     layout_irregular_city, david_vaults_2, minmay_door_square,
          minmay_misc_feat_chi
D:15:     grunt_enter_depths_hoard, layout_long_grid
Lair:1:   layout_cave_pods, grunt_megastairs_2
Lair:2:   layout_gridlike, minmay_swamp_entry_worms, serial_bayou_shore_b,
          grunt_megastairs_1, uniq_maggie, uniq_erica
Lair:3:   layout_roguey, gammafunk_ghost_abyssal_escape,
          kennysheep_basilisk_garden, uniq_fannar
Lair:4:   layout_regular_city, spider_nest_entry_rubble, basic_altar,
          serial_bayou_lagoon_b, minmay_lair_oklob_chamber
Lair:5:   layout_loops_ring, nicolae_slime_entry_slimehenge
Lair:6:   evilmike_catoblepas_cave, layout_regular_city, grunt_megastairs_5,
          serial_bayou_shore_a, uniq_snorg
Swamp:1:  layout_basic_swamp, nicolae_swamp_godswood
Swamp:2:  layout_falls_marsh, evilmike_swamp_ruin_house_3, swamp_pool2,
          hangedman_swamp_ravenous, uniq_nikola
Swamp:3:  layout_basic_swamp, basic_altar
Swamp:4:  swamp_pestilence, layout_basic_swamp, infiniplex_staircase_pool_2
Spider:1: layout_spider_delve, gammafunk_ghost_grave, uniq_azrael, uniq_louise
Spider:2: layout_spider_delve
Spider:3: layout_chambers
Spider:4: spider_rune_water, portal_ice_cave_entry_frozen_things, uniq_kirke
Orc:1:    layout_diamond_mine, basic_altar, minmay_shop_mayhem
Orc:2:    pubby_orc_utopia, serial_shops
Elf:1:    eino_elf_arrival_customs, layout_loops_cross, basic_altar,
          serial_shops, shop, orc_legates, minivault_16
Elf:2:    layout_geoelf_grid
Elf:3:    minmay_elf_hall_spiked, layout_geoelf_castle,
          nicolae_elf_big_sculpture_3, kilobyte_rumbling_trees
Vaults:1: vaults_room_grunt_arrival_ludios, grunt_vaults_hallway_short,
          ontoclasm_vaults_shout, v_pattern_2, v_misc_14,
          vaults_room_fancy_cross, grunt_vaults_focal, grunt_vaults_diagonal,
          vaults_dpeg_doors, vaults_room_hallway, vaults_dpeg_encased_lava,
          layout_vaults_big_room
Vaults:2: gammafunk_vaults_ghost_necromancy, hangedman_vaults_nodes,
          ontoclasm_vaults_ligature, vaults_mumra_chevron_long,
          minmay_crypt_entry_simple_corners, ontoclasm_vaults_pinch,
          v_alt_pattern_2, nicolae_vaults_network_star, vaults_dpeg_cross,
          vaults_room_hallway, layout_vaults_big_cross, serial_shops,
          nicolae_shop_window_shopping, uniq_sojobo
Vaults:3: v_misc_32, vaults_mumra_lcd, vaults_standard_mumra_x,
          nicolae_vaults_back_hallway, nicolae_vaults_shelves_hall,
          nicolae_vaults_ninety_degrees, hangedman_vaults_stream,
          nicolae_vaults_specimen_jars, nicolae_vaults_little_squares_6,
          grunt_vaults_hallway_long, nicolae_vaults_network_quinsquares
          [nicolae_vaults_network_quincunx_subvault,
          nicolae_vaults_network_quincunx_subvault,
          nicolae_vaults_network_quincunx_subvault,
          nicolae_vaults_network_quincunx_subvault],
          nicolae_vaults_little_squares_4, ontoclasm_vaults_loading_screen,
          layout_vaults_ring
Vaults:4: grunt_vaults_bifocal, hangedman_vaults_maws, hangedman_vaults_slice,
          nicolae_vaults_display_case, v_misc_17, v_misc_8,
          nicolae_vaults_little_ls, layout_vaults_omnigrid, serial_glass,
          serial_shops, nicolae_shop_stone, nicolae_shop_overgrown_old_shop,
          shop, shop
Crypt:1:  due_chaos_kobolds, layout_chaotic_city, tombwall_bobbens,
          grunt_crypt_arrival_split
Crypt:2:  layout_rooms, uniq_mennas

Skill      XL: |  1  2  3  4  5  6  7  8  9 10 11 12 13 14 15 16 17 18 19 20 |
---------------+-------------------------------------------------------------+-----
Long Blades    | 2 3 4 7 8 9 |  9.3
Fighting       | 3 4 5 6 7 8 9 10 12 13 14 15 | 15.0
Dodging        | 2 3 4 5 6 7 8 9 10 11 12 13 | 13.2
Short Blades   | 2 4 5 8 10 12 | 12.9
Bows           | 2 3 5 |  5.6
Poison Magic   | 3 6 7 8 |  8.0
Evocations     | 2 6 9 10 | 10.0
Transmutations | 1 4 5 |  5.0
Spellcasting   | 5 7 8 |  8.0
Ice Magic      | 1 6 10 12 | 12.0
Shields        | 2 4 |  4.0
Armour         | 2 7 10 | 10.0
Stealth        | 6 8 |  8.0
Summonings     | 2 11 14 | 14.0
Translocations | 4 |  4.0

Action                   |  1- 3 |  4- 6 |  7- 9 | 10-12 | 13-15 | 16-18 | 19-21 || total
-------------------------+-------+-------+-------+-------+-------+-------+-------++-------
Melee: Falchion          |    12 |       |       |       |       |       |       ||    12
       Short sword       |    76 |   187 |   346 |       |       |       |       ||   609
       Dagger            |       |    69 |       |       |       |       |       ||    69
       Great sword       |       |       |    45 |   425 |       |       |       ||   470
       Rapier            |       |       |       |   120 |  1390 |  2137 |       ||  3647
       Quick blade       |       |       |       |       |       |   434 |  1779 ||  2213
 Fire: Longbow           |       |       |   163 |       |     3 |       |       ||   166
Throw: Dart              |    17 |     6 |    28 |       |       |     1 |     2 ||    54
       Boomerang         |       |       |       |     2 |       |       |       ||     2
 Cast: Olgreb's Toxic Ra |       |       |       |    21 |    83 |    55 |    27 ||   186
       Ignite Poison     |       |       |       |     1 |    36 |    25 |     7 ||    69
       Ozocubu's Refrige |       |       |       |       |       |    12 |    31 ||    43
       Shadow Creatures  |       |       |       |       |       |       |    13 ||    13
 Abil: Evoke Flight      |       |       |    11 |       |     2 |     2 |       ||    15
       Stop Flying       |       |       |     2 |       |       |       |       ||     2
Evoke: Wand              |       |       |    20 |     3 |     6 |    34 |       ||    63
       Lightning rod     |       |       |       |     3 |     3 |       |     3 ||     9
       Phantom mirror    |       |       |       |     1 |       |     1 |     1 ||     3
       Condenser vane    |       |       |       |       |     4 |     4 |       ||     8
       Tin of tremorston |       |       |       |       |       |     5 |     4 ||     9
  Use: Scroll            |     3 |     2 |    15 |     7 |    10 |    23 |     6 ||    66
       Potion            |       |       |     1 |     6 |     3 |    10 |       ||    20
 Stab: Sleeping          |     8 |     2 |     7 |    12 |    30 |     8 |    11 ||    78
       Distracted        |       |     1 |     1 |     1 |     6 |     3 |     2 ||    14
       Paralysed         |       |       |       |     2 |     1 |     6 |       ||     9
       Invisible         |       |       |       |       |       |     2 |       ||     2
Armor: Leather armour    |    27 |    60 |    41 |     1 |       |       |       ||   129
       Ring mail         |       |       |       |   120 |   163 |       |       ||   283
       Fire dragon scale |       |       |       |       |    56 |   446 |   231 ||   733
       Skin              |       |       |       |       |       |     4 |       ||     4
Dodge: Dodged            |    60 |   193 |   399 |   693 |  1334 |  1477 |   682 ||  4838
       Repelled          |       |     1 |     5 |     1 |    10 |    22 |     6 ||    45
Block: Buckler           |       |       |       |       |    74 |   596 |   202 ||   872
       Rpst.: Falchion   |     6 |       |       |       |       |       |       ||     6
       Great sword       |       |       |    14 |   132 |       |       |       ||   146

Table legend: (Time is in decaauts)
 A = Elapsed time spent in this place.
 B = Non-inter-level travel time spent in this place.
 C = Inter-level travel time spent in this place.
 D = Time resting spent in this place.
 E = Time spent auto-exploring this place.
 F = Levels seen in this place.
 G = Mean time per level.
                   A        B        C        D        E       F      G
               +--------+--------+--------+--------+--------+-----+--------+
         Total |  68117 |  64986 |   3131 |  13586 |  40555 |  42 | 1621.8 |
       Dungeon |  19658 |  18448 |   1210 |   2143 |  13221 |  15 | 1310.5 |
          Lair |   8950 |   8527 |    423 |    635 |   6818 |   6 | 1491.7 |
         Swamp |   7954 |   7712 |    242 |   1682 |   4942 |   4 | 1988.5 |
   Spider Nest |   5007 |   4697 |    310 |    410 |   3462 |   4 | 1251.8 |
  Orcish Mines |   5202 |   4946 |    256 |   1583 |   2532 |   2 | 2601.0 |
   Elven Halls |   6467 |   6233 |    234 |   2304 |   2679 |   3 | 2155.7 |
        Vaults |   8481 |   8079 |    402 |   1752 |   5153 |   4 | 2120.2 |
         Crypt |   2515 |   2464 |     51 |    988 |   1059 |   2 | 1257.5 |
        Bailey |   1662 |   1662 |      0 |    752 |    157 |   1 | 1662.0 |
      Ice Cave |   2215 |   2215 |      0 |   1335 |    529 |   1 | 2215.0 |
               +--------+--------+--------+--------+--------+-----+--------+

Top non-repeatable levels by time:
   Orc:2: 4481 daAuts
 Swamp:4: 2983 daAuts
Vaults:2: 2623 daAuts
   Elf:2: 2457 daAuts
   IceCv: 2215 daAuts
   Elf:3: 2205 daAuts
 Crypt:1: 2183 daAuts
Vaults:3: 2136 daAuts
Vaults:4: 2125 daAuts
  Lair:6: 2095 daAuts
 Swamp:3: 1894 daAuts
    D:10: 1840 daAuts
   Elf:1: 1804 daAuts
    D:14: 1792 daAuts
    D:15: 1730 daAuts
